 Dungeon Crawl Stone Soup version 0.28-a0-1567-g1695149f81 (webtiles) character file.

Game seed: 4332168994821694106

253 comborobin the Ruffian (level 6, 0/43 HPs)
             Began as an Octopode Cinder Acolyte on Jan 20, 2022.
             Was an Elder of Ignis.
             Succumbed to an adder's poison
             ... on level 4 of the Dungeon.
             The game lasted 00:00:58 (555 turns).

comborobin the Ruffian (Octopode Cinder Acolyte)     Turns: 555, Time: 00:00:59

Health: 0/43       AC:  1    Str: 12 (14) XL:     6   Next: 14%
Magic:  8/10       EV: 12    Int: 13 (16) God:    Ignis [****..]
Gold:   73         SH:  0    Dex:  6 (9)  Spells: 10/10 levels left

rFire   + . .      SeeInvis .     - Unarmed
rCold   . . .      Faith    .   (no shield)
rNeg    . . .      Spirit   .   (helmet restricted)
rPois   .          Reflect  .   (no amulet)
rElec   .          Harm     .   (no ring)
rCorr   .          Rampage  .   (no ring)
Will    .....                   (no ring)
Stlth   ++........              (no ring)
HPRegen 0.14/turn               (no ring)
MPRegen 0.12/turn               (no ring)
                                (no ring)
                                (no ring)

@: brilliant, lethally poisoned (0 -> -2)
A: almost no armour, amphibious, 8 rings, camouflage 1, gelatinous body 1,
(nimble swimmer 1), tentacles
a: Renounce Religion, Fiery Armour, Foxfire Swarm, Rising Flame


You were on level 4 of the Dungeon.
You worshipped Ignis.
Ignis was greatly pleased with you.
You visited 1 branch of the dungeon, and saw 4 of its levels.

You collected 73 gold pieces.

Inventory:

Missiles
 c - 6 silver javelins (quivered)
 d - 4 boomerangs
Scrolls
 b - a scroll of identify {unknown}


   Skills:
 + Level 4.2 Fighting
 + Level 4.2 Unarmed Combat
 + Level 2.7 Spellcasting
 + Level 4.2 Fire Magic


You had 10 spell levels left.
You didn't know any spells.
Your spell library contained the following spells:

 Spells                   Type           Power      Damage    Failure   Level
 Scorch                   Fire           38%        2d7       6%          2
 Summon Guardian Golem    Hex/Summ       2%         N/A       56%         3
 Orb of Destruction       Conj           1%         9d5       100%        7
 Spellforged Servitor     Conj/Summ      1%         N/A       100%        7


Dungeon Overview and Level Annotations

Branches:
Dungeon (4/15)
 Temple: D:4-7

Altars:
Nemelex Xobeh


Innate Abilities, Weirdness & Mutations

You cannot wear most types of armour.
You are amphibious.
You can wear up to eight rings at the same time.
Your skin changes colour to match your surroundings (Stealth+).
Your rubbery body absorbs attacks. (AC +1, EV +1)
((You are camouflaged when in or above water. (Stealth+)))
You have tentacles for arms and can constrict up to eight enemies at once.


Message History

The foxfire hits Blork the orc.
Blork the orc is heavily wounded.
The foxfire hits Blork the orc.
Blork the orc is severely wounded.
The foxfire hits Blork the orc.
Blork the orc is severely wounded.
The foxfire hits Blork the orc.
Blork the orc is almost dead.
The foxfire hits Blork the orc but does no damage.
Blork the orc is almost dead.
Blork the orc gestures at you while chanting.
The puff of frost hits you!
* * * LOW HITPOINT WARNING * * *
Your Fighting skill increases to level 4!
Your Unarmed Combat skill increases to level 4!
Your Fire Magic skill increases to level 4!
Unknown command.
Unknown command.
It was a potion of brilliance.
You feel clever all of a sudden.
* * * LOW HITPOINT WARNING * * *
You feel sick.
The foxfire hits Blork the orc.
Blork the orc is almost dead.
You tentacle-slap Blork the orc.
You kill Blork the orc!
* * * LOW HITPOINT WARNING * * *
You feel sick.
You have reached level 6!
Unknown command.
Okay, then.
You aren't carrying any potions.
Unknown command.
* * * LOW HITPOINT WARNING * * *
You feel sick.
Items here: ! ) [ †.
Okay, then.
It was a potion of degeneration.
There was something very wrong with that liquid.
You feel weakened.
You feel dopey.
You feel clumsy.
You die...

..##... #............#
.......###..........#
........##.#.......##
....................##
..........#..#...[....#
.).....$..##..........#
........).............#
#.....................#
##......@.........#####
##.(...........#.#
..............<.###
.................#
.?.....##.#.....##
...##.# ######### ##.
##


There were no monsters in sight!

Vanquished Creatures
  Sigmund (D:3)
  Blork the orc (D:4)
  An adder (D:4)
  A dart slug (D:1)
  An orc (D:4)
  2 ball pythons
  An endoplasm (D:1)
  A goblin (D:3)
  2 quokkas
  A frilled lizard (D:2)
  A kobold (D:3)
  A rat (D:1)
14 creatures vanquished.

Vanquished Creatures (others)
  37 foxfires
37 creatures vanquished.

Grand Total: 51 creatures vanquished

Notes
Turn   | Place    | Note
-------+----------+-------------------------------------------
     0 | D:1      | comborobin the Octopode Cinder Acolyte began the quest for
                  | the Orb.
     0 | D:1      | Reached XP level 1. HP: 16/16 MP: 2/2
   225 | D:1      | Reached XP level 2. HP: 16/21 MP: 3/3
   386 | D:3      | Noticed Sigmund
   390 | D:3      | Killed Sigmund
   391 | D:3      | Reached XP level 3. HP: 18/27 MP: 3/6
   391 | D:3      | Reached XP level 4. HP: 22/33 MP: 3/7
   391 | D:3      | Reached XP level 5. HP: 25/37 MP: 3/8
   437 | D:3      | Found a sparkling altar of Nemelex Xobeh.
   542 | D:4      | Noticed Blork the orc
   553 | D:4      | Killed Blork the orc
   554 | D:4      | Reached XP level 6. HP: 2/43 MP: 8/10
   554 | D:4      | HP: 1/43 [poisoned by an adder]
   555 | D:4      | Succumbed to an adder's poison

Illustrated notes

Levels and vault maps discovered:
D:1:      saegor_arrival_simple_c, layout_basic
D:2:      layout_basic, dreamdust_ecumenical_altar_drowned_temple, basic_altar,
          minmay_bisected, uniq_terence
D:3:      layout_rooms, mainiacjoe_overflow_alcove_2,
          mainiacjoe_overflow_surrounded_room, mainiacjoe_overflow_boulevard,
          uniq_sigmund
D:4:      layout_cave_pools, serial_rivers, chequers_serial_rivers_small_b,
          chequers_serial_rivers_micro_c, chequers_serial_rivers_micro_a,
          chequers_serial_rivers_micro_b, chequers_serial_rivers_room_b,
          hangedman_glass_teeth, minmay_misc_feat_diagonals, uniq_blork_the_orc,
          uniq_crazy_yiuf_cottage

Skill      XL: |  1  2  3  4  5 |
---------------+----------------+-----
Spellcasting   | 2 |  2.7
Fighting       | 4 |  4.2
Unarmed Combat | 4 |  4.2
Fire Magic     | 4 |  4.2

Action                   |  1- 3 |  4- 6 || total
-------------------------+-------+-------++-------
Melee: Unarmed           |    23 |     7 ||    30
       Constrict         |     5 |       ||     5
       Punch             |     1 |       ||     1
       Tentacles         |     3 |     1 ||     4
Invok: Foxfire Swarm     |     1 |     1 ||     2
  Use: Potion            |       |     2 ||     2
 Stab: Sleeping          |     1 |       ||     1
Armor: Skin              |     2 |     2 ||     4
Dodge: Dodged            |     8 |     8 ||    16

Table legend: (Time is in decaauts)
 A = Elapsed time spent in this place.
 B = Non-inter-level travel time spent in this place.
 C = Inter-level travel time spent in this place.
 D = Time resting spent in this place.
 E = Time spent auto-exploring this place.
 F = Levels seen in this place.
 G = Mean time per level.
                   A        B        C        D        E       F      G
               +--------+--------+--------+--------+--------+-----+--------+
         Total |    552 |    544 |      8 |    100 |    304 |   4 |  138.0 |
       Dungeon |    552 |    544 |      8 |    100 |    304 |   4 |  138.0 |
               +--------+--------+--------+--------+--------+-----+--------+

Top non-repeatable levels by time:
     D:1: 312 daAuts
     D:3: 165 daAuts
     D:4: 39 daAuts
     D:2: 35 daAuts
